 Dungeon Crawl Stone Soup version 0.27.1-33-g824d729ab1 (webtiles) character file.

Game seed: 1031163502633311812

72 vivovinco the Caller (level 4, 0/24 HPs)
             Began as a Deep Elf Summoner on Dec 28, 2021.
             Succumbed to a kobold's poison
             ... on level 3 of the Dungeon.
             The game lasted 00:16:04 (2933 turns).

vivovinco the Caller (Deep Elf Summoner)            Turns: 2933, Time: 00:16:04

Health: 0/24       AC:  7    Str:  5    XL:     4   Next: 7%
Magic:  9/11       EV: 13    Int: 21    God:
Gold:   68         SH:  0    Dex: 21    Spells: 5/10 levels left

rFire    . . .     SeeInvis .   k - +2 dagger (speed)
rCold    . . .     Faith    .   (no shield)
rNeg     . . .     Spirit   .   a - +1 robe
rPois    .         Reflect  .   (no helmet)
rElec    .         Harm     .   (no cloak)
rCorr    .         Rampage  .   (no gloves)
Will     .....                  (no boots)
Stlth    +++.......             (no amulet)
HPRegen  0.08/turn              b - +6 ring of dexterity
MPRegen  0.12/turn              q - +4 ring of protection

@: lethally poisoned (0 -> -13)
A: no striking features
a: no special abilities


You were on level 3 of the Dungeon.
You visited 1 branch of the dungeon, and saw 4 of its levels.

You collected 96 gold pieces.
You spent 28 gold pieces at shops.

Inventory:

Hand Weapons
 e - a +0 dagger of protection
 f - a +2 short sword of holy wrath
 k - a +2 dagger of speed (weapon)
Missiles
 c - 62 stones
 i - 2 curare-tipped darts
 r - 15 poisoned darts (quivered)
Armour
 a - a +1 robe (worn)
Magical Staves
 g - a staff of air
 h - a staff of cold
Jewellery
 b - a +6 ring of dexterity (left hand)
 n - an amulet of faith
 q - a +4 ring of protection (right hand)
Scrolls
 d - 4 scrolls of identify
 p - a scroll of teleportation {unknown}
 s - 2 scrolls of magic mapping {unknown}
Potions
 j - 2 potions of lignification {unknown}
 l - 3 potions of haste {unknown}
 m - a potion of curing {unknown}
 o - a potion of degeneration {unknown}


   Skills:
 + Level 0.2 Short Blades
 + Level 2.6 Dodging
 + Level 2.8 Stealth
 + Level 3.7 Spellcasting
 + Level 0.2 Hexes
 + Level 5.2 Summonings
 * Level 1.4 Transmutations


You had 5 spell levels left.
You knew the following spells:

 Your Spells              Type           Power      Damage    Failure   Level
a - Summon Small Mammal   Summ           100%       N/A       1%          1
b - Beastly Appendage     Tmut           20%        N/A       7%          1
c - Summon Guardian Gole  Hex/Summ       15%        N/A       12%         3

Your spell library contained the following spells:

 Spells                   Type           Power      Damage    Failure   Level
 Call Imp                 Summ           26%        N/A       2%          2
 Call Canine Familiar     Summ           26%        N/A       4%          3
 Wereblood                Tmut           10%        N/A       10%         2
 Spider Form              Tmut/Pois      3%         N/A       26%         3
 Stone Arrow              Conj/Erth      6%         3d7       36%         3
 Animate Armour           Summ/Erth      30%        N/A       38%         4
 Summon Lightning Spire   Summ/Air       15%        N/A       38%         4
 Lehudib's Crystal Spear  Conj/Erth      1%         10d2      100%        8


Dungeon Overview and Level Annotations

Branches:
Dungeon (4/15)
 Temple: D:4-7

Altars:

Shops:
D:1 *   D:2 :


Message History

Casting: Summon Small Mammal (safe; 1% risk of failure)
Confirm with . or Enter, or press ? or * to list all spells.
The kobold closely misses your bat.
Your bat hits the kobold but does no damage.
Your bat barely misses the kobold.
The kobold throws a poisoned dart.
The poisoned dart closely misses your bat.
The poisoned dart completely misses you.
Your bat barely misses the kobold.
The kobold throws a poisoned dart.
The poisoned dart barely misses your bat.
The poisoned dart hits you!
You are poisoned.
Your bat hits the kobold but does no damage.
You feel very sick.
Your bat barely misses the kobold.
Your bat closely misses the kobold.
You swap places.
You feel sick.
Your bat hits the kobold but does no damage.
Your bat barely misses the kobold.
You feel sick.
You feel sick.
You feel sick.
You feel sick.
The kobold barely misses something.
You feel sick.
The kobold throws a poisoned dart.
The poisoned dart barely misses your bat.
The poisoned dart hits you!
You are more poisoned.
You feel sick.
The kobold throws a poisoned dart.
The poisoned dart misses your bat.
The poisoned dart closely misses your bat.
The poisoned dart hits you!
You are lethally poisoned!
* * * LOW HITPOINT WARNING * * *
You feel very sick.
The kobold throws a poisoned dart.
The poisoned dart closely misses your quokka.
The poisoned dart closely misses your bat.
The poisoned dart hits your bat.
Your bat is poisoned.
* * * LOW HITPOINT WARNING * * *
You feel very sick.
You die...

≈⌠.# .⌠.# .≈.# .≈.## #########
.P.. #.......# ...############
###.......# ⌠≈....>........
#.)........
...###..#############r#.......#
#.## #..###.....@.bbr..K.......
#'####...##.#########.##$......
.........##.########..# .######
....................... ...[
......#..##.######.#..##.#.######
#.#####...#.# #.#..#<.#<......
### ####### # #..#..#....##. #
#..#..#.....# ...####..#


You could see a kobold, 2 friendly quokkas and 2 friendly bats.

Vanquished Creatures
  An adder (D:2)
  A worm (D:2)
  A dart slug (D:1)
  3 ball pythons
  3 endoplasms
  A goblin (D:1)
  2 hobgoblins (D:1)
  2 jackals (D:1)
  4 quokkas
  4 bats (D:1)
  2 frilled lizards
  4 kobolds
  2 rats (D:1)
30 creatures vanquished.

Vanquished Creatures (collateral kills)
  An adder (D:2)
  A dart slug (D:2)
  4 ball pythons
  3 goblins
  3 hobgoblins
  7 jackals
  A quokka (D:2)
  2 bats (D:1)
  A frilled lizard (D:2)
  3 kobolds
  3 rats
29 creatures vanquished.

Vanquished Creatures (others)
  A quokka (D:2)
1 creature vanquished.

Grand Total: 60 creatures vanquished

Notes
Turn   | Place    | Note
-------+----------+-------------------------------------------
     0 | D:1      | vivovinco the Deep Elf Summoner began the quest for the
                  | Orb.
     0 | D:1      | Reached XP level 1. HP: 10/10 MP: 6/6
    55 | D:1      | Found Poirueh's Armour Emporium.
   182 | D:1      | Reached XP level 2. HP: 8/15 MP: 1/8
   627 | D:1      | Learned a level 1 spell: Beastly Appendage
   735 | D:1      | Reached skill level 5 in Summonings
  1170 | D:2      | Found Iteset's Book Emporium.
  1259 | D:1      | Found Febaoq's General Store.
  1266 | D:1      | Bought a scroll of identify for 28 gold pieces
  1294 | D:1      | Reached XP level 3. HP: 18/19 MP: 8/10
  1299 | D:1      | Learned a level 3 spell: Summon Guardian Golem
  1986 | D:2      | Reached skill level 1 in Transmutations
  2689 | D:2      | Reached XP level 4. HP: 21/24 MP: 2/11
  2933 | D:3      | Succumbed to a kobold's poison

Illustrated notes

Levels and vault maps discovered:
D:1:      dpeg_arrival_rooms_b, layout_basic, serial_shops, nicolae_square_shop,
          nicolae_shop_behind_doors
D:2:      layout_loops_ring, serial_shops, shop
D:3:      layout_basic, lemuel_round_altar, shapermc_ecumenical_altar_acropolis,
          serial_shops, nicolae_shop_trees, uniq_crazy_yiuf_cottage
D:4:      layout_basic

Skill      XL: |  1  2  3 |
---------------+----------+-----
Summonings     | 5 |  5.2
Transmutations | 1 |  1.4
Short Blades   | |  0.2
Dodging        | |  2.6
Stealth        | |  2.8
Spellcasting   | |  3.7
Hexes          | |  0.2

Action                   |  1- 3 |  4- 6 || total
-------------------------+-------+-------++-------
Melee: Dagger            |   103 |     1 ||   104
       Club              |     3 |       ||     3
       Unarmed           |     1 |       ||     1
       Kick              |    11 |       ||    11
       Headbutt          |     5 |       ||     5
 Cast: Summon Small Mamm |    77 |     4 ||    81
       Beastly Appendage |    11 |       ||    11
       Summon Guardian G |    11 |       ||    11
  Use: Scroll            |     2 |       ||     2
 Stab: Sleeping          |     7 |       ||     7
       Distracted        |     1 |       ||     1
Armor: Robe              |    30 |     1 ||    31
Dodge: Dodged            |    71 |     1 ||    72
